[Event "6th Cattolica Open 2019"]
[Site "Cattolica"]
[Date "2019.06.08"]
[Round "1.1"]
[White "Dreev, Aleksey"]
[Black "Antolak, Julia"]
[Result "1-0"]
[ECO "E60"]
[WhiteElo "2657"]
[BlackElo "2245"]
[Annotator "RC"]
[PlyCount "59"]
[EventDate "2019.06.08"]
[EventType "swiss"]
[EventCountry "ITA"]
[SourceTitle "playchess.com"]
[Source "ChessBase"]
[SourceQuality "1"]
[TimeControl "40/5400+30:900+30"]

1. d4 Nf6 2. Nf3 g6 3. g3 Bg7 4. Bg2 O-O 5. O-O d6 6. b3 c5 7. c4 a6 8. Bb2 Qc7 9. Nc3 e6 10. e4 cxd4 11. Nxd4 Nbd7 12. Qd2 Rd8 13. Rad1 Nf8 14. Qe2 Bd7 15. Rd2 e5 16. Nc2 Bc6 17. Rfd1 Bh6 18. Rd3 Rac8 19. Bh3 Rb8 20. Ba3 Ne8 21. Nb4 Qa5 22. Qb2 Bd7 23. Nbd5 b5 24. Bb4 Qxb4 25. Nxb4 bxc4 26. Bxd7 cxd3 27. Bxe8 Rxb4 28. Nd5 Rd4 29. Ne7+ Kg7 30. Nc6 1-0

[Event "6th Cattolica Open 2019"]
[Site "Cattolica"]
[Date "2019.06.08"]
[Round "1.3"]
[White "Fedorchuk, Sergey A."]
[Black "Orfini, Nicolo`"]
[Result "1-0"]
[ECO "C41"]
[WhiteElo "2631"]
[BlackElo "2228"]
[Annotator "RC"]
[PlyCount "51"]
[EventDate "2019.06.08"]
[EventType "swiss"]
[EventCountry "ITA"]
[SourceTitle "playchess.com"]
[Source "ChessBase"]
[SourceQuality "1"]
[TimeControl "40/5400+30:900+30"]

1. e4 d6 2. d4 Nf6 3. Nc3 e5 4. Nf3 Nbd7 5. Bc4 Be7 6. a4 a5 7. O-O O-O 8. Qe2 c6 9. Rd1 Qc7 10. h3 exd4 11. Nxd4 Ne5 12. Bb3 Re8 13. Bg5 h6 14. Bh4 Ng6 15. Bg3 Bf8 16. Rd2 Ne5 17. Re1 b6 18. f4 Ba6 19. Qf2 Nc4 20. Bxc4 Bxc4 21. b3 Ba6 22. e5 Nh5 23. Bh2 g6 24. g4 dxe5 25. fxe5 Bb4 26. Ne4 1-0

[Event "6th Cattolica Open 2019"]
[Site "Cattolica"]
[Date "2019.06.08"]
[Round "1.4"]
[White "Ojas Kulkarni"]
[Black "Vovk, Yuri"]
[Result "0-1"]
[ECO "A21"]
[WhiteElo "2226"]
[BlackElo "2586"]
[Annotator "ChessBase"]
[PlyCount "50"]
[EventDate "2019.06.08"]
[EventType "swiss"]
[EventCountry "ITA"]
[SourceTitle "playchess.com"]
[Source "ChessBase"]
[SourceQuality "1"]
[TimeControl "40/5400+30:900+30"]

1. c4 e5 2. g3 d6 3. Bg2 f5 4. d4 Be7 5. Nc3 Nf6 6. b3 c6 7. Bb2 O-O 8. e3 Be6 9. Nge2 Bf7 10. O-O Na6 11. e4 fxe4 12. dxe5 dxe5 13. Nxe4 Bh5 14. Qxd8 Raxd8 15. N2c3 Nb4 16. Ba3 a5 17. h3 Rd3 18. g4 Bg6 19. Rfd1 Rfd8 20. Nxf6+ gxf6 21. Rxd3 Rxd3 22. Bxb4 Bxb4 23. Ne4 Kf7 24. Rf1 Rd4 25. f4 Bxe4 0-1

[Event "6th Cattolica Open 2019"]
[Site "Cattolica"]
[Date "2019.06.08"]
[Round "1.5"]
[White "Martinez Alcantara, Jose Eduardo"]
[Black "Gallana, Marco"]
[Result "1-0"]
[ECO "A34"]
[WhiteElo "2583"]
[BlackElo "2221"]
[Annotator "ChessBase"]
[PlyCount "91"]
[EventDate "2019.06.08"]
[EventType "swiss"]
[EventCountry "ITA"]
[SourceTitle "playchess.com"]
[Source "ChessBase"]
[SourceQuality "1"]
[TimeControl "40/5400+30:900+30"]

1. c4 Nf6 2. Nf3 c5 3. Nc3 d5 4. cxd5 Nxd5 5. g3 Nc6 6. Bg2 g6 7. Qb3 Nb6 8. d3 Bg7 9. Be3 Nd4 10. Bxd4 cxd4 11. Ne4 Be6 12. Qa3 O-O 13. O-O Bd5 14. Nfd2 Re8 15. Rfc1 Bc6 16. Nb3 Bf8 17. Na5 Bd5 18. b4 Qd7 19. Rc2 Bxe4 20. Bxe4 Nd5 21. Bxd5 Qxd5 22. Qb3 Qxb3 23. axb3 e5 24. b5 Bb4 25. Nxb7 Bc3 26. Ra6 Reb8 27. Nd6 Bb4 28. Ne4 Rxb5 29. Rc7 Rb6 30. Raxa7 Rxa7 31. Rxa7 h6 32. g4 Kf8 33. Kg2 Be1 34. Kf3 Bb4 35. h4 Be7 36. g5 hxg5 37. hxg5 Rxb3 38. Ra5 Rb6 39. Rxe5 Rb2 40. Ra5 Kg7 41. Ra4 Rb5 42. Rxd4 Bxg5 43. Rd7 Rf5+ 44. Kg4 Bf6 45. f4 Bb2 46. Nd6 1-0

[Event "6th Cattolica Open 2019"]
[Site "Cattolica"]
[Date "2019.06.08"]
[Round "1.6"]
[White "Soto, Miguel Angel"]
[Black "Epishin, Vladimir"]
[Result "1/2-1/2"]
[ECO "B01"]
[WhiteElo "2217"]
[BlackElo "2564"]
[Annotator "ChessBase"]
[PlyCount "68"]
[EventDate "2019.06.08"]
[EventType "swiss"]
[EventCountry "ITA"]
[SourceTitle "playchess.com"]
[Source "ChessBase"]
[SourceQuality "1"]
[TimeControl "40/5400+30:900+30"]

1. e4 d5 2. exd5 Qxd5 3. Nc3 Qd6 4. d4 Nf6 5. h3 a6 6. g3 e6 7. Bg2 Be7 8. Nge2 Nc6 9. O-O O-O 10. Bf4 Qd7 11. Qd2 e5 12. dxe5 Qxd2 13. Bxd2 Nxe5 14. Bf4 Bd6 15. b3 Rb8 16. Rad1 h6 17. Nd5 Nxd5 18. Rxd5 Re8 19. Nc3 Bf5 20. Ne4 Bxe4 21. Bxe4 Nc4 22. Bxd6 Nxd6 23. Bf3 Re7 24. c4 g6 25. Rfd1 Ne8 26. Kf1 c6 27. R5d3 Nc7 28. b4 Kf8 29. Rd8+ Rxd8 30. Rxd8+ Re8 31. Rd7 Re7 32. Rd8+ Re8 33. Rd7 Re7 34. Rd8+ Re8 1/2-1/2

[Event "6th Cattolica Open 2019"]
[Site "Cattolica"]
[Date "2019.06.08"]
[Round "1.7"]
[White "Kharitonov, Alexandr"]
[Black "Mooser, Stefan"]
[Result "1/2-1/2"]
[ECO "D30"]
[WhiteElo "2547"]
[BlackElo "2215"]
[Annotator "ChessBase"]
[PlyCount "61"]
[EventDate "2019.06.08"]
[EventType "swiss"]
[EventCountry "ITA"]
[SourceTitle "playchess.com"]
[Source "ChessBase"]
[SourceQuality "1"]
[TimeControl "40/5400+30:900+30"]

1. d4 d5 2. c4 c6 3. Nf3 e6 4. e3 Nf6 5. b3 Bd6 6. Bb2 O-O 7. Nbd2 Nbd7 8. Bd3 Qe7 9. Ne5 c5 10. O-O b6 11. cxd5 exd5 12. f4 Bb7 13. Qf3 Rac8 14. Qh3 g6 15. Rae1 Rc7 16. Qh6 c4 17. bxc4 Bb4 18. Re2 Bxd2 19. Rxd2 dxc4 20. Bxc4 Ne4 21. Rc2 Nxe5 22. fxe5 Bd5 23. Bd3 Rxc2 24. Bxc2 Qb4 25. Ba1 Nd2 26. Rd1 Rc8 27. e4 Nxe4 28. Bxe4 Bxe4 29. e6 fxe6 30. d5 Qf8 31. Qxf8+ 1/2-1/2

[Event "6th Cattolica Open 2019"]
[Site "Cattolica"]
[Date "2019.06.08"]
[Round "1.8"]
[White "Barrish, Daniel"]
[Black "Basso, Pier Luigi"]
[Result "0-1"]
[ECO "D10"]
[WhiteElo "2209"]
[BlackElo "2539"]
[Annotator "ChessBase"]
[PlyCount "102"]
[EventDate "2019.06.08"]
[EventType "swiss"]
[EventCountry "ITA"]
[SourceTitle "playchess.com"]
[Source "ChessBase"]
[SourceQuality "1"]
[TimeControl "40/5400+30:900+30"]

1. d4 d5 2. c4 c6 3. cxd5 cxd5 4. Nc3 Nf6 5. Bf4 Nc6 6. e3 Bg4 7. Qb3 Na5 8. Qa4+ Bd7 9. Qc2 e6 10. Bd3 Nh5 11. Bg3 Rc8 12. Nge2 Nxg3 13. hxg3 g6 14. O-O b5 15. a3 Bd6 16. b4 Nc4 17. Bxc4 Rxc4 18. Nf4 h5 19. Nxg6 Rxc3 20. Qxc3 fxg6 21. Qd3 Qg5 22. e4 h4 23. e5 hxg3 24. Qxg3 Qxg3 25. fxg3 Bc7 26. Kf2 Bb6 27. Rad1 Rh5 28. Ke2 Rg5 29. Kf3 Rf5+ 30. Ke2 Rh5 31. Kf3 Ke7 32. g4 Rh8 33. Ke3 Rc8 34. Rh1 Rc3+ 35. Rd3 Rc2 36. Rh7+ Kd8 37. g3 a5 38. Rg7 Be8 39. Kf4 Rc4 40. bxa5 Bxd4 41. a6 Ra4 42. a7 Bc5+ 43. Kf3 Be7 44. Rd1 Rxa3+ 45. Ke2 Rxa7 46. Rh1 Bc5 47. Rg8 Bd4 48. Rhh8 Re7 49. Rxg6 Bxe5 50. Rf8 b4 51. Kd3 b3 0-1

[Event "6th Cattolica Open 2019"]
[Site "Cattolica"]
[Date "2019.06.08"]
[Round "1.9"]
[White "Rychagov, Andrey"]
[Black "Alok Sinha"]
[Result "1-0"]
[ECO "D45"]
[WhiteElo "2520"]
[BlackElo "2205"]
[Annotator "ChessBase"]
[PlyCount "121"]
[EventDate "2019.06.08"]
[EventType "swiss"]
[EventCountry "ITA"]
[SourceTitle "playchess.com"]
[Source "ChessBase"]
[SourceQuality "1"]
[TimeControl "40/5400+30:900+30"]

1. d4 d5 2. c4 c6 3. Nf3 Nf6 4. Nc3 e6 5. e3 Nbd7 6. Qc2 Bd6 7. b3 Qe7 8. Be2 O-O 9. Bb2 b6 10. O-O Bb7 11. Rac1 Rac8 12. Qb1 c5 13. cxd5 exd5 14. Rfd1 Rfe8 15. Qf5 Bb8 16. Bb5 Red8 17. Ba3 Nf8 18. Bd3 Ne6 19. Qh3 Ne4 20. dxc5 bxc5 21. Qh4 Qxh4 22. Nxh4 Nxc3 23. Rxc3 g6 24. Nf3 d4 25. Rcc1 dxe3 26. fxe3 Bd6 27. Bc4 Kf8 28. Bb2 Ke7 29. Rf1 f5 30. e4 Bxe4 31. Bxe6 Kxe6 32. Ng5+ Kd5 33. Nxh7 Be7 34. Bf6 Ke6 35. Bxe7 Kxe7 36. Rf2 c4 37. bxc4 Rxc4 38. Re1 Rd5 39. Ng5 Rdd4 40. Rfe2 Kf6 41. Nxe4+ Rxe4 42. Rxe4 fxe4 43. Kf2 Ke5 44. Re2 a5 45. Rb2 a4 46. Ke2 a3 47. Rb5+ Kd4 48. Kd2 e3+ 49. Kd1 Kd3 50. Rd5+ Ke4 51. Ra5 e2+ 52. Kxe2 Rc2+ 53. Kf1 Rxa2 54. Kg1 Kf4 55. Ra4+ Kf5 56. h3 g5 57. Kh2 Ke5 58. Kg3 Kf5 59. Ra5+ Kf6 60. Kf3 Kg6 61. Ra6+ 1-0

[Event "6th Cattolica Open 2019"]
[Site "Cattolica"]
[Date "2019.06.08"]
[Round "1.10"]
[White "Dev, Shah"]
[Black "Strikovic, Aleksa"]
[Result "0-1"]
[ECO "A41"]
[WhiteElo "2183"]
[BlackElo "2503"]
[Annotator "ChessBase"]
[PlyCount "113"]
[EventDate "2019.06.08"]
[EventType "swiss"]
[EventCountry "ITA"]
[SourceTitle "playchess.com"]
[Source "ChessBase"]
[SourceQuality "1"]
[TimeControl "40/5400+30:900+30"]

1. d4 d6 2. c4 e5 3. dxe5 dxe5 4. Qxd8+ Kxd8 5. Nf3 f6 6. Nc3 Na6 7. Bd2 c6 8. O-O-O Kc7 9. e4 Bc5 10. Be1 Nh6 11. h3 Nf7 12. a3 Be7 13. b4 Be6 14. c5 Nb8 15. Nd2 b6 16. Bc4 Nd8 17. cxb6+ axb6 18. Kb2 Nd7 19. f3 b5 20. Bb3 Nb6 21. Bf2 h5 22. h4 Ra7 23. Rc1 Kb7 24. g3 Bxb3 25. Bxb6 Kxb6 26. Nxb3 Ne6 27. Rhd1 Rha8 28. Ra1 g6 29. Re1 Nd4 30. Nxd4 exd4 31. Ne2 d3 32. Nc3 d2 33. Red1 Rd7 34. Kc2 Rad8 35. Nb1 Rd3 36. Nxd2 c5 37. bxc5+ Bxc5 38. Rab1 Kc6 39. Rb3 Rxb3 40. Kxb3 Rd3+ 41. Kc2 Re3 42. Rb1 Bxa3 43. Rb3 Bc5 44. Rxe3 Bxe3 45. Nf1 Bf2 46. Kd3 Kc5 47. f4 b4 48. f5 gxf5 49. exf5 Kd6 50. Nd2 Ke5 51. Ne4 Be1 52. g4 hxg4 53. h5 Kxf5 54. h6 Kg6 55. h7 Kg7 56. Nxf6 g3 57. Kd4 0-1

[Event "6th Cattolica Open 2019"]
[Site "Cattolica"]
[Date "2019.06.08"]
[Round "1.11"]
[White "Barseghyan, Harutyun"]
[Black "Bernardi, Ruben"]
[Result "1-0"]
[ECO "E11"]
[WhiteElo "2495"]
[BlackElo "2182"]
[Annotator "ChessBase"]
[PlyCount "55"]
[EventDate "2019.06.08"]
[EventType "swiss"]
[EventCountry "ITA"]
[SourceTitle "playchess.com"]
[Source "ChessBase"]
[SourceQuality "1"]
[TimeControl "40/5400+30:900+30"]

1. d4 d5 2. Nf3 Nf6 3. c4 e6 4. g3 Bb4+ 5. Bd2 Be7 6. Bg2 O-O 7. O-O c6 8. Na3 Ne4 9. Bf4 Nd7 10. Rc1 g5 11. Bd2 f5 12. Nc2 Kh8 13. Bb4 a5 14. Bxe7 Qxe7 15. Nce1 g4 16. Nd2 Ng5 17. Nd3 Qg7 18. e3 Nf6 19. Nf4 h5 20. Qb3 h4 21. Qa3 Rf7 22. Qd6 Bd7 23. gxh4 Nf3+ 24. Bxf3 gxf3+ 25. Kh1 Rg8 26. Nxf3 Qg4 27. Ne5 Qxh4 28. Neg6+ 1-0

[Event "6th Cattolica Open 2019"]
[Site "Cattolica"]
[Date "2019.06.09"]
[Round "2.4"]
[White "Vovk, Yuri"]
[Black "Yu, Jennifer"]
[Result "1-0"]
[ECO "C90"]
[WhiteElo "2586"]
[BlackElo "2369"]
[Annotator "ChessBase"]
[PlyCount "75"]
[EventDate "2019.06.08"]
[EventType "swiss"]
[EventCountry "ITA"]
[SourceTitle "playchess.com"]
[Source "ChessBase"]
[SourceQuality "1"]
[TimeControl "40/5400+30:900+30"]

1. e4 e5 2. Nf3 Nc6 3. Bb5 a6 4. Ba4 Nf6 5. O-O Be7 6. Re1 b5 7. Bb3 d6 8. a4 Bg4 9. c3 O-O 10. h3 Bh5 11. d3 Na5 12. Ba2 c5 13. Bg5 b4 14. Bxf6 Bxf6 15. Bd5 Rb8 16. Nbd2 Bg5 17. g4 Bg6 18. Nxg5 Qxg5 19. Nf3 Qe7 20. h4 h6 21. Kg2 Rfc8 22. Qe2 Kf8 23. Qe3 h5 24. Ng5 Qd7 25. gxh5 Bxh5 26. Qg3 Ke8 27. Re3 Nc6 28. Kh2 Nd8 29. Rg1 Rc7 30. Nh7 Bg6 31. h5 Bxh7 32. Qxg7 bxc3 33. Qxh7 Rxb2 34. Rf3 Qe7 35. Rg8+ Kd7 36. Qf5+ Ne6 37. Qxf7 c2 38. Rf6 1-0

[Event "6th Cattolica Open 2019"]
[Site "Cattolica"]
[Date "2019.06.09"]
[Round "2.5"]
[White "Anand Nadar"]
[Black "Martinez Alcantara, Jose Eduardo"]
[Result "1/2-1/2"]
[ECO "B92"]
[WhiteElo "2366"]
[BlackElo "2583"]
[Annotator "ChessBase"]
[PlyCount "105"]
[EventDate "2019.06.08"]
[EventType "swiss"]
[EventCountry "ITA"]
[SourceTitle "playchess.com"]
[Source "ChessBase"]
[SourceQuality "1"]
[TimeControl "40/5400+30:900+30"]

1. e4 c5 2. Nf3 d6 3. d4 cxd4 4. Nxd4 Nf6 5. Nc3 a6 6. Be2 e5 7. Nf3 Nbd7 8. a4 h6 9. O-O Nc5 10. Nd2 Be6 11. b3 Qc7 12. Bb2 Be7 13. Re1 O-O 14. Bf3 Qc6 15. a5 Rac8 16. Nf1 Rfe8 17. b4 Ncd7 18. Ne3 b5 19. Ncd5 Bf8 20. Rc1 Qb7 21. Qd2 Bxd5 22. exd5 g6 23. Be2 h5 24. c4 bxc4 25. Bxc4 Bh6 26. Ba3 Qa7 27. Qe2 Ra8 28. Bb3 Ne4 29. Rc6 Nb8 30. Qc2 Nf6 31. Rxd6 Nbd7 32. Rc6 Rab8 33. d6 Kg7 34. Qc4 Rf8 35. Rxa6 Qd4 36. Qxd4 exd4 37. Nd5 Bd2 38. Rd1 Nxd5 39. Bxd5 Bxb4 40. Bb2 Bc5 41. Ba1 Rfc8 42. g3 Rb4 43. Rc6 Rxc6 44. Bxc6 Ne5 45. Bd5 Kf6 46. Kg2 g5 47. a6 g4 48. Rc1 Bb6 49. Rd1 Ra4 50. Bb3 Rb4 51. Bd5 Ra4 52. Bb3 Rb4 53. Bd5 1/2-1/2

[Event "6th Cattolica Open 2019"]
[Site "Cattolica"]
[Date "2019.06.09"]
[Round "2.6"]
[White "Basso, Pier Luigi"]
[Black "Drazic, Sinisa"]
[Result "1-0"]
[ECO "E11"]
[WhiteElo "2539"]
[BlackElo "2365"]
[Annotator "ChessBase"]
[PlyCount "112"]
[EventDate "2019.06.08"]
[EventType "swiss"]
[EventCountry "ITA"]
[SourceTitle "playchess.com"]
[Source "ChessBase"]
[SourceQuality "1"]
[TimeControl "40/5400+30:900+30"]

1. d4 Nf6 2. c4 e6 3. Nf3 Bb4+ 4. Bd2 c5 5. Bxb4 cxb4 6. a3 bxa3 7. Rxa3 b6 8. Nc3 O-O 9. e4 d6 10. Bd3 Bb7 11. e5 dxe5 12. dxe5 Ng4 13. Qe2 Nd7 14. Be4 Bxe4 15. Qxe4 h5 16. O-O Nc5 17. Qe2 Qd3 18. h3 Qxe2 19. Nxe2 Nh6 20. b4 Nb7 21. Ra6 Rfc8 22. Rfa1 Rxc4 23. Rxa7 Rb8 24. Ra8 Rcc8 25. Rxb8 Rxb8 26. Ned4 Nd8 27. Ra7 f6 28. b5 Nhf7 29. exf6 gxf6 30. Nc6 Rb7 31. Ra8 Rd7 32. Rb8 Rb7 33. Rc8 Rd7 34. Rb8 Rb7 35. Rxd8+ Nxd8 36. Nxd8 Re7 37. Nd4 e5 38. Nf5 Rd7 39. Nc6 Rd1+ 40. Kh2 Kf7 41. Na7 Rd2 42. f3 Rd7 43. Nc8 Ke6 44. Nxb6 Rb7 45. Nc4 Rxb5 46. Ng7+ Ke7 47. Ne3 Kf7 48. Nxh5 e4 49. Nf4 Rb3 50. Nfd5 exf3 51. gxf3 Ke6 52. f4 Rb7 53. Kg3 Rg7+ 54. Kf3 Rh7 55. f5+ Ke5 56. Nf4 Rh5 {[%emt 0:07:00] Ke4+ Kd5+} 1-0

[Event "6th Cattolica Open 2019"]
[Site "Cattolica"]
[Date "2019.06.09"]
[Round "2.9"]
[White "Guerrero Sierra, Juan Carlos"]
[Black "Barseghyan, Harutyun"]
[Result "0-1"]
[ECO "A58"]
[WhiteElo "2290"]
[BlackElo "2495"]
[Annotator "ChessBase"]
[PlyCount "96"]
[EventDate "2019.06.08"]
[EventType "swiss"]
[EventCountry "ITA"]
[SourceTitle "playchess.com"]
[Source "ChessBase"]
[SourceQuality "1"]
[TimeControl "40/5400+30:900+30"]

1. d4 Nf6 2. Nf3 c5 3. d5 b5 4. c4 g6 5. cxb5 a6 6. bxa6 Bg7 7. Nc3 Bxa6 8. g3 d6 9. Bg2 Nfd7 10. O-O Nb6 11. Qc2 N8d7 12. Rd1 O-O 13. e4 Nc4 14. h3 Qa5 15. a4 Rfb8 16. Ra2 Qb4 17. Bf1 Nde5 18. Ne1 Na5 19. Bxa6 Rxa6 20. Qe2 Qc4 21. f4 Qxe2 22. Nxe2 Nec4 23. Nd3 Nb3 24. f5 Kf8 25. Bf4 Rba8 26. Nec1 Rb6 27. Kg2 Nd4 28. fxg6 hxg6 29. Re1 Rab8 30. a5 Rb5 31. a6 Ra8 32. e5 dxe5 33. Nxe5 Bxe5 34. Bxe5 Nc2 35. Re4 Nxe5 36. Rxe5 Nb4 37. Ra3 Rxa6 38. Ne2 Rxa3 39. bxa3 Nc2 40. Re4 Nxa3 41. Ra4 Nc2 42. Nc3 Rb3 43. Ne4 Ne3+ 44. Kf2 Nd1+ 45. Kg2 c4 46. Ra8+ Kg7 47. d6 exd6 48. Nxd6 c3 0-1

[Event "6th Cattolica Open 2019"]
[Site "Cattolica"]
[Date "2019.06.09"]
[Round "2.10"]
[White "Sonis, Francesco"]
[Black "Lumachi, Gabriele"]
[Result "1-0"]
[ECO "D31"]
[WhiteElo "2494"]
[BlackElo "2286"]
[Annotator "ChessBase"]
[PlyCount "131"]
[EventDate "2019.06.08"]
[EventType "swiss"]
[EventCountry "ITA"]
[SourceTitle "playchess.com"]
[Source "ChessBase"]
[SourceQuality "1"]
[TimeControl "40/5400+30:900+30"]

1. c4 e6 2. d4 d5 3. Nc3 a6 4. cxd5 exd5 5. Bf4 Nf6 6. e3 Bd6 7. Bxd6 Qxd6 8. Bd3 O-O 9. h3 Re8 10. Nf3 Nbd7 11. O-O b6 12. Qb3 c5 13. Qa3 Bb7 14. Rfd1 Qc7 15. dxc5 bxc5 16. Bf1 Nf8 17. Na4 Ne6 18. Rac1 Ne4 19. Nd4 c4 20. Nc3 N6c5 21. b3 Nxc3 22. Rxc3 Ne4 23. Rc2 Nd6 24. Qa4 Qe7 25. bxc4 dxc4 26. Bxc4 Nxc4 27. Rxc4 Qg5 28. Nc6 Re6 29. Qa5 Qb5 30. Rc5 Qe2 31. Qd8+ Re8 32. Qd2 Qxd2 33. Rxd2 Kf8 34. Na5 Bc8 35. Nb3 Rb8 36. Rc6 Re6 37. Nd4 Re8 38. Rdc2 g6 39. Kh2 Kg7 40. Rc7 Ra8 41. R2c5 Kf8 42. a4 a5 43. Nc6 Be6 44. Nxa5 Ra6 45. Rb5 Rea8 46. Nb3 Rxa4 47. Nc5 R4a7 48. Nxe6+ fxe6 49. Rb8+ Rxb8 50. Rxa7 h5 51. Kg3 Rb4 52. f4 e5 53. fxe5 Re4 54. Kf3 Rxe5 55. e4 Rb5 56. h4 Kg8 57. Kf4 Rc5 58. e5 Kf8 59. g3 Rb5 60. e6 Rf5+ 61. Ke4 Rb5 62. Rf7+ Ke8 63. Rg7 Ra5 64. Rxg6 Ke7 65. Kf4 Ra3 66. Rg5 1-0

[Event "6th Cattolica Open 2019"]
[Site "Cattolica"]
[Date "2019.06.09"]
[Round "2.11"]
[White "Vignesh B"]
[Black "Arjun Kalyan"]
[Result "0-1"]
[ECO "B59"]
[WhiteElo "1846"]
[BlackElo "2484"]
[Annotator "ChessBase"]
[PlyCount "74"]
[EventDate "2019.06.08"]
[EventType "swiss"]
[EventCountry "ITA"]
[SourceTitle "playchess.com"]
[Source "ChessBase"]
[SourceQuality "1"]
[TimeControl "40/5400+30:900+30"]

1. e4 c5 2. Nf3 Nc6 3. d4 cxd4 4. Nxd4 Nf6 5. Nc3 d6 6. Be2 e5 7. Nb3 Be7 8. O-O O-O 9. Be3 Be6 10. f3 a5 11. Nd2 Nd4 12. Kh1 Nxe2 13. Qxe2 d5 14. exd5 Nxd5 15. Nxd5 Qxd5 16. c4 Qc6 17. b3 f5 18. Rad1 a4 19. Nb1 axb3 20. axb3 Bf6 21. Nc3 Rad8 22. Rxd8 Rxd8 23. Rd1 Rd7 24. Nb5 g5 25. Bf2 h5 26. Nc3 g4 27. Rxd7 Qxd7 28. Qd1 Qxd1+ 29. Nxd1 Kf7 30. Kg1 Be7 31. Nb2 Bd7 32. Nd3 Bd6 33. b4 gxf3 34. gxf3 Bc6 35. Bc5 Bxc5+ 36. bxc5 Kf6 37. Kf2 Bxf3 0-1

[Event "6th Cattolica Open 2019"]
[Site "Cattolica"]
[Date "2019.06.10"]
[Round "3.9"]
[White "Anand Nadar"]
[Black "Yankelevich, Lev"]
[Result "1/2-1/2"]
[ECO "C95"]
[WhiteElo "2366"]
[BlackElo "2484"]
[Annotator "ChessBase"]
[PlyCount "72"]
[EventDate "2019.06.08"]
[EventType "swiss"]
[EventCountry "ITA"]
[SourceTitle "playchess.com"]
[Source "ChessBase"]
[SourceQuality "1"]
[TimeControl "40/5400+30:900+30"]

1. e4 e5 2. Nf3 Nc6 3. Bb5 a6 4. Ba4 Nf6 5. O-O Be7 6. Re1 b5 7. Bb3 d6 8. c3 O-O 9. h3 Nb8 10. d4 Nbd7 11. c4 c6 12. a3 Qc7 13. Nc3 Bb7 14. Qc2 Rac8 15. Ba2 h6 16. Be3 Rfe8 17. Qb3 exd4 18. Bxd4 c5 19. Bxf6 Bxf6 20. cxb5 c4 21. Qc2 Bxc3 22. b6 Qxb6 23. bxc3 Nc5 24. Bxc4 Bxe4 25. Qa2 Qb7 26. Re3 d5 27. Bf1 Re6 28. c4 Rb6 29. cxd5 Rb2 30. Qc4 Bxd5 31. Qh4 Ne6 32. Rae1 Bxf3 33. Rxf3 Rb1 34. Rxb1 Qxb1 35. Qe7 Ng5 36. Re3 Rc1 1/2-1/2

[Event "6th Cattolica Open 2019"]
[Site "Cattolica"]
[Date "2019.06.10"]
[Round "3.10"]
[White "Repka, Christopher"]
[Black "Souhardo Basak"]
[Result "1-0"]
[ECO "D00"]
[WhiteElo "2482"]
[BlackElo "2104"]
[Annotator "ChessBase"]
[PlyCount "91"]
[EventDate "2019.06.08"]
[EventType "swiss"]
[EventCountry "ITA"]
[SourceTitle "playchess.com"]
[Source "ChessBase"]
[SourceQuality "1"]
[TimeControl "40/5400+30:900+30"]

1. d4 Nf6 2. Bf4 d5 3. e3 c5 4. c3 Nc6 5. Nd2 e6 6. Nh3 Bd6 7. Bxd6 Qxd6 8. f4 O-O 9. Bd3 Nd7 10. O-O g6 11. Nf3 c4 12. Be2 f5 13. b3 b5 14. a4 Na5 15. Nd2 bxa4 16. bxc4 Nxc4 17. Nxc4 dxc4 18. Bxc4 Nb6 19. Be2 Qc7 20. c4 Bb7 21. Ng5 Rfe8 22. Qe1 a5 23. Qh4 Re7 24. Rfb1 Ba6 25. Nf3 Ree8 26. Ne5 Nd7 27. Rxa4 Nxe5 28. fxe5 Reb8 29. Rba1 Bc8 30. Bf3 Ra7 31. c5 Bd7 32. c6 Be8 33. Qf6 Bf7 34. d5 exd5 35. e6 Be8 36. Bxd5 h5 37. Rc1 Qg7 38. e7+ Kh7 39. c7 Rc8 40. Qf8 Qh8 41. Qxh8+ Kxh8 42. Rac4 Bd7 43. Bf7 Kg7 44. e8=B Bxe8 45. Bxe8 Rxe8 46. c8=Q 1-0

[Event "6th Cattolica Open 2019"]
[Site "Cattolica"]
[Date "2019.06.10"]
[Round "3.11"]
[White "Mezentsev, Ivan"]
[Black "Kjartansson, Gudmundur"]
[Result "1-0"]
[ECO "A11"]
[WhiteElo "2281"]
[BlackElo "2459"]
[Annotator "ChessBase"]
[PlyCount "141"]
[EventDate "2019.06.08"]
[EventType "swiss"]
[EventCountry "ITA"]
[SourceTitle "playchess.com"]
[Source "ChessBase"]
[SourceQuality "1"]
[TimeControl "40/5400+30:900+30"]

1. Nf3 d5 2. e3 Nf6 3. c4 c6 4. Nc3 e6 5. b3 Bd6 6. Bb2 e5 7. cxd5 cxd5 8. Nb5 Nc6 9. Nxd6+ Qxd6 10. Bb5 e4 11. Ne5 O-O 12. Nxc6 bxc6 13. Be2 Bf5 14. O-O a5 15. d3 exd3 16. Bxd3 Ng4 17. g3 Qh6 18. h4 Nxe3 19. Bc1 Nxd1 20. Bxh6 Bxd3 21. Rfxd1 Be2 22. Rd2 Bf3 23. Be3 Rfe8 24. Rc1 h5 25. Rd4 Ra6 26. Kf1 a4 27. b4 Re6 28. a3 f6 29. Ke1 Kf7 30. Kd2 Re8 31. Rc5 Ke6 32. Kc3 Kd7 33. Kd2 Ke6 34. Rc3 Be4 35. Rc5 Rb8 36. Kc3 Bg2 37. Rd1 Kf5 38. Kd4 g5 39. Rdc1 gxh4 40. gxh4 Re8 41. Kd3 Kg4 42. Rg1 Kh3 43. Bd4 Rg8 44. Kd2 Rg6 45. Rc3+ Kh2 46. Rgc1 c5 47. Bxc5 Rg4 48. b5 Re6 49. Ba7 Be4 50. Re3 d4 51. Bxd4 Rd6 52. Kc3 Bc6 53. Rd1 Bxb5 54. Be5+ fxe5 55. Rxd6 Rc4+ 56. Kd2 Rxh4 57. Rxe5 Bc4 58. Rh6 Kg2 59. Rhxh5 Rxh5 60. Rxh5 Kxf2 61. Rf5+ Kg3 62. Kc3 Bb3 63. Kb4 Bd1 64. Ra5 Kf4 65. Rxa4 Ke5 66. Ra8 Bf3 67. Rd8 Ke6 68. a4 Ke7 69. Rd3 Bg2 70. Kc5 Bf1 71. Rd1 1-0

[Event "6th Cattolica Open 2019"]
[Site "Cattolica"]
[Date "2019.06.10"]
[Round "4.1"]
[White "Basso, Pier Luigi"]
[Black "Barseghyan, Harutyun"]
[Result "1/2-1/2"]
[ECO "D20"]
[WhiteElo "2539"]
[BlackElo "2495"]
[Annotator "ChessBase"]
[PlyCount "99"]
[EventDate "2019.06.08"]
[EventType "swiss"]
[EventCountry "ITA"]
[SourceTitle "playchess.com"]
[Source "ChessBase"]
[SourceQuality "1"]
[TimeControl "40/5400+30:900+30"]

1. d4 d5 2. c4 dxc4 3. e4 b5 4. a4 c6 5. Nc3 a6 6. axb5 cxb5 7. Nxb5 axb5 8. Rxa8 Bb7 9. Ra2 e6 10. f3 f5 11. g3 Nc6 12. Bg2 Nxd4 13. Ne2 Bc5 14. Nxd4 Bxd4 15. Qe2 Qb6 16. exf5 e5 17. f4 Nf6 18. fxe5 Nd7 19. Qh5+ Kf8 20. e6 Ne5 21. Bg5 Bc5 22. Bxb7 Bb4+ 23. Ke2 Qxb7 24. e7+ Bxe7 25. Bxe7+ Kxe7 26. Rd1 Qg2+ 27. Ke3 Re8 28. f6+ gxf6 29. Ra7+ Nd7 30. Rdxd7+ Kf8+ 31. Qxe8+ Kxe8 32. Rxh7 Qg1+ 33. Ke2 Qg2+ 34. Ke3 Qg1+ 35. Kf3 Qd1+ 36. Kg2 Qe2+ 37. Kh3 Qe6+ 38. Kh4 Qe4+ 39. Kh3 Qe6+ 40. Kh4 Qe4+ 41. g4 Qe1+ 42. Kh3 Qe3+ 43. Kg2 Qe2+ 44. Kg3 Qe3+ 45. Kg2 Qe2+ 46. Kg3 Qe3+ 47. Kg2 Qe2+ 48. Kg3 Qe3+ 49. Kg2 Qe2+ 50. Kg3 1/2-1/2

[Event "6th Cattolica Open 2019"]
[Site "Cattolica"]
[Date "2019.06.10"]
[Round "4.4"]
[White "Ankit, R. Rajpara"]
[Black "Martinez Alcantara, Jose Eduardo"]
[Result "1/2-1/2"]
[ECO "E11"]
[WhiteElo "2447"]
[BlackElo "2583"]
[Annotator "ChessBase"]
[PlyCount "41"]
[EventDate "2019.06.08"]
[EventType "swiss"]
[EventCountry "ITA"]
[SourceTitle "playchess.com"]
[Source "ChessBase"]
[SourceQuality "1"]
[TimeControl "40/5400+30:900+30"]

1. d4 Nf6 2. c4 e6 3. g3 d5 4. Nf3 Bb4+ 5. Bd2 Be7 6. Bg2 O-O 7. O-O Nbd7 8. Qc2 a5 9. b3 c6 10. Rd1 b6 11. Bc3 Ba6 12. Nbd2 h6 13. e4 Qb8 14. Ne5 Bb7 15. Re1 Qc7 16. Rac1 Rac8 17. Bb2 Qd8 18. a3 Nxe5 19. dxe5 Ne8 20. exd5 cxd5 21. Qd3 1/2-1/2